 Dungeon Crawl Stone Soup version 0.24.0-41-g2ae2f7f1be (webtiles) character file.

Game seed: 1109634161034167846, levelgen mode: deterministic

144192 CptBoBy the Fencer (level 16, -7/225 HPs)
             Began as a Minotaur Berserker on Dec 13, 2019.
             Was the Champion of Trog.
             Killed from afar by a shock serpent (8 damage)
             ... with an electric aura
             ... on level 4 of the Snake Pit.
             The game lasted 02:06:33 (31572 turns).

CptBoBy the Fencer (Minotaur Berserker)            Turns: 31572, Time: 02:06:34

Health: -7/225     AC: 18    Str: 31    XL:     16   Next: 84%
Magic:  5/5        EV: 18    Int:  6    God:    Trog [******]
Gold:   915        SH: 15    Dex: 11    Spells: 15/15 levels left

rFire    . . .     SeeInvis +   X - +9 double sword (antimagic)
rCold    . . .     Gourm    .   I - +0 shield
rNeg     . . .     Faith    .   P - +3 scale mail {rPois}
rPois    +         Spirit   .   (helmet restricted)
rElec    .         Reflect  .   L - +0 cloak
rCorr    +         Harm     .   R - +0 pair of gloves
MR       +++..                  h - +0 pair of boots
Stlth    ..........             (no amulet)
HPRegen  1.47/turn              m - ring "Ciunyocite" {Slay+5 SInv}
MPRegen  0.09/turn              E - ring of resist corrosion

@: berserking, lethally poisoned (-7 -> -7), regenerating, very quick
A: retaliatory headbutt, horns 2
a: Berserk, Trog's Hand, Brothers in Arms, Renounce Religion


You were on level 4 of the Snake Pit.
You worshipped Trog.
Trog was exalted by your worship.
You were near starving.

You visited 5 branches of the dungeon, and saw 28 of its levels.

You collected 2301 gold pieces.
You spent 1386 gold pieces at shops.

Inventory:

Hand Weapons
 a - a +1 antimagic long sword
   (Trog gifted it to you on level 10 of the Dungeon)
 b - a +2 dagger of electrocution
   (You took it off an orc wizard on level 11 of the Dungeon)
 A - the +5 triple sword "Byxaoq" {slice, rF++ MR+}
   (Trog gifted it to you on level 1 of the Orcish Mines)

   It inflicts extra damage upon your enemies.
   It greatly protects you from fire.
   It affects your resistance to hostile enchantments.
 S - a +6 antimagic quick blade
   (Trog gifted it to you on level 3 of the Lair of Beasts)
 X - a +9 antimagic double sword (weapon)
   (Trog gifted it to you on level 2 of the Snake Pit)
Missiles
 M - a throwing net (quivered) {!f!f}
Armour
 h - a +0 pair of boots (worn)
   (You found it on level 1 of the Dungeon)
 o - a +3 leather armour of fire resistance
   (You took it off Eustachio on level 5 of the Dungeon)
 I - a +0 shield (worn)
   (You found it on level 10 of the Dungeon)
 L - a +0 cloak (worn)
   (You found it on level 3 of the Lair of Beasts)
 P - a +3 scale mail of poison resistance (worn)
   (You found it on level 6 of the Lair of Beasts)
 R - a +0 pair of gloves (worn)
   (You found it on level 4 of the Lair of Beasts)
Jewellery
 l - an uncursed ring of protection from magic
   (You found it on level 5 of the Lair of Beasts)
 m - the ring "Ciunyocite" (left hand) {Slay+5 SInv}
   (You bought it in a shop on level 2 of the Orcish Mines)

   [ring of see invisible]

   It affects your accuracy and damage with ranged weapons and melee attacks
   (+5).
   It lets you see invisible.
 r - an uncursed amulet of the acrobat {unknown}
   (You found it on level 4 of the Snake Pit)
 E - a ring of resist corrosion (right hand)
   (You found it on level 10 of the Dungeon)
 G - an uncursed amulet of rage
   (You found it on level 1 of the Snake Pit)
Wands
 c - a wand of disintegration (7)
   (You found it on level 8 of the Dungeon)
 d - a wand of iceblast (39)
   (You found it on level 8 of the Dungeon)
 t - a wand of flame (78)
   (You found it on level 6 of the Dungeon)
 v - a wand of digging (8)
   (You found it on level 11 of the Dungeon)
 x - a wand of acid (11)
   (You found it on level 3 of the Lair of Beasts)
 B - a wand of scattershot (5)
   (You found it on level 11 of the Dungeon)
 H - a wand of enslavement (8)
   (You found it on level 9 of the Dungeon)
Scrolls
 i - 4 scrolls of magic mapping
 p - 2 scrolls of noise {!r!r}
 s - 2 scrolls of holy word
 w - 6 scrolls of enchant armour
 C - a scroll of torment {!r!r}
 D - 9 scrolls of teleportation {@r4@r4}
 F - 11 scrolls of identify {@r1@r1}
 K - a scroll of brand weapon
 Q - a scroll of fog
 T - 8 scrolls of remove curse {@r2@r2}
 U - a scroll of blinking
 V - 2 scrolls of fear
Potions
 f - 2 potions of agility
 g - 12 potions of curing {@q1@q1}
 j - 8 potions of flight
 k - 5 potions of haste {@q3@q3}
 n - 2 potions of magic
 q - 2 potions of ambrosia
 u - 5 potions of heal wounds {@q2@q2}
 y - 2 potions of cancellation
 z - 6 potions of might
 J - a potion of brilliance {unknown}
 N - 4 potions of mutation {!q!q}
 O - a potion of resistance {unknown}
 W - a potion of lignification {unknown}
Comestibles
 e - 15 rations {!d!d}


   Skills:
 + Level 15.7 Fighting
 - Level 9.8(13.3) Short Blades
 - Level 15.8(16.8) Long Blades
 + Level 15.7 Armour
 + Level 14.4 Dodging
 - Level 15.0 Shields


You had 15 spell levels left.
You didn't know any spells.
Your spell library was empty.

Dungeon Overview and Level Annotations

Branches:
Dungeon (15/15)            Temple (1/1) D:4            Lair (6/6) D:11
 Shoals (0/4) Lair:3        Snake (4/4) Lair:2        Slime (0/5) Lair:6
    Orc (2/2) D:11            Elf (0/3) Orc:2        Vaults (0/5) D:13
 Depths (0/5) D:15

Altars:
Ashenzari
Cheibriados
Dithmenos
Elyvilon
Fedhas
Gozag
Hepliaklqana
Kikubaaqudgha
Makhleb
Nemelex Xobeh
Okawaru
Qazlal
Ru
Sif Muna
Trog
Uskayaw
Vehumet
Wu Jian
Xom
Yredelemnul
Zin
The Shining One
Jiyva

Shops:
D:9 ?}%??   Orc:2 [[=[   Snake:3 %=[:

Annotations:
D:3 2 transporters, Devinter's ghost, weakling DrMo


Innate Abilities, Weirdness & Mutations

You reflexively headbutt those who attack you in melee.
You have a pair of horns on your head.


Message History

You slice the guardian serpent!!
You kill the guardian serpent!
Trog accepts your kill.
Trog appreciates your killing of a magic user.
You closely miss the naga. You block the shock serpent's attack.
You block the naga mage's attack. The naga mage completely misses you.
You carve the naga like a ham!!!
You kill the naga!
Trog accepts your kill. You block the shock serpent's attack.
You block the naga mage's attack. The naga mage grabs you.
* * * LOW HITPOINT WARNING * * *
The naga mage constricts you.
You slash the naga mage!
The naga mage's magic leaks into the air.
Your headbutt misses the naga mage. The naga mage barely misses you.
You furiously retaliate!
You headbutt the naga mage!
The shock serpent bites you but does no damage.
You slice the naga mage!!
You feel the power of Trog in you as your rage grows.
You kill the naga mage!
Trog accepts your kill.
Trog appreciates your killing of a magic user.
You feel sick. The naga mage hits you with a +0 spear.
* * * LOW HITPOINT WARNING * * *
* * * LOW HITPOINT WARNING * * *
The naga mage constricts you.
You closely miss the naga mage. You headbutt the naga mage!!
The shock serpent bites you!
* * * LOW HITPOINT WARNING * * *
The shock serpent shocks you!
* * * LOW HITPOINT WARNING * * *
You block the naga mage's attack.
* * * LOW HITPOINT WARNING * * *
The naga mage constricts you.
You slice the naga mage!!
You kill the naga mage!
Trog accepts your kill.
Trog appreciates your killing of a magic user.
The shock serpent shoots out a bolt of lightning at you!
The bolt of electricity hits you!!
* * * LOW HITPOINT WARNING * * *
You slice the shock serpent!!
The shock serpent's electric aura discharges violently, shocking you!
* * * LOW HITPOINT WARNING * * *
You slash the shock serpent!
You kill the shock serpent!
Trog accepts your kill.
The air sparks with electricity, shocking you!
You die...

###.........##..
##........#..
##........#
##......#
##.....# ##..###
###..##
#######)....#
#.....†@)...#
......))...##
....######## #..
##


There were no monsters in sight!

Vanquished Creatures
  Jorgrun (Orc:1)
  An acid blob (Lair:6)
  Frances (D:13)
  Kirke (Snake:1)
  A nagaraja (Snake:3)
  The ghost of SafestHooves the Brawler, a journeyman CeMo of Okawaru (D:15)
  A very ugly thing (D:15)
  Snorg (Orc:1)
  An ettin (shapeshifter) (D:13)
  A fire dragon (D:15)
  Josephine (Orc:1)
  Fannar (Lair:3)
  An ice dragon (D:15)
  7 hydras
  10 naga warriors
  A catoblepas (D:15)
  10 anacondas
  7 centaur warriors
  2 death knights
  4 two-headed ogres
  2 tengu warriors (D:15)
  4 shock serpents
  6 death yaks
  Urug (Lair:4)
  4 naga sharpshooters
  Sonja (Lair:3)
  3 skeletal warriors
  A salamander mystic (Snake:2)
  2 unseen horrors
  3 naga ritualists
  A phantasmal warrior (D:14)
  6 orc knights
  3 cyclopes
  6 mana vipers
  10 ugly things
  6 salamanders
  2 manticores (D:15)
  Maurice (D:9)
  2 guardian serpents (Snake:4)
  8 elephants
  10 naga magi
  29 black mambas
  Joseph (D:8)
  23 spiny frogs
  3 gargoyles
  A yaktaur (D:15)
  3 rime drakes
  An efreet (D:14)
  A freezing wraith (D:14)
  5 komodo dragons
  2 tengu conjurers (D:15)
  6 polar bears (Lair:6)
  A redback zombie (D:15)
  2 meliai (shapeshifter)
  A hornet (D:8)
  A merfolk (D:10)
  9 trolls
  3 tyrant leeches (Lair:6)
  A slime creature (D:11)
  Prince Ribbit (D:5)
  6 dream sheep (Lair:4)
  11 hippogriffs
  17 blink frogs
  A redback (shapeshifter) (D:13)
  2 shadows
  6 wraiths
  A vampire (D:15)
  A fire elemental (D:14)
  4 basilisks
  3 wyverns
  Eustachio (D:5)
  A hog (Snake:1)
  A water elemental (D:14)
  50 yaks
  14 vampire mosquitoes
  A steam dragon (D:13)
  A hungry ghost (D:15)
  A warg (Orc:1)
  A warg (shapeshifter) (D:13)
  24 nagas
  A soldier ant (D:15)
  An acid dragon (D:14)
  17 water moccasins
  10 porcupines
  2 floating eyes (D:15)
  4 sky beasts
  A black bear (D:6)
  34 orc warriors
  8 ice beasts
  An eye of draining (D:10)
  8 ogres
  3 phantoms
  3 wolves (Lair:1)
  2 necrophages
  16 centaurs
  3 boggarts (D:14)
  8 crocodiles
  Blork the orc (D:5)
  3 big kobolds
  24 bullfrogs
  3 scorpions
  A wyvern skeleton (D:7)
  58 killer bees
  2 howler monkeys
  2 electric eels (Lair:6)
  4 bullfrog zombies
  10 crimson imps
  3 centaur zombies
  A quasit (D:11)
  6 hounds
  6 jellies
  18 orc priests
  2 bullfrog skeletons
  7 centaur skeletons
  An iguana (D:10)
  14 orc wizards
  13 worker ants
  3 hound skeletons
  A howler monkey zombie (D:9)
  A worker ant zombie (D:6)
  A howler monkey skeleton (D:4)
  5 gnolls
  15 adders
  4 shadow imps
  An ooze (D:1)
  An adder skeleton (D:10)
  4 worms (D:2)
  2 dart slugs
  3 leopard geckos
  88 orcs
  9 giant cockroaches
  10 goblins
  4 hobgoblins
  17 jackals
  21 kobolds
  6 quokkas
  4 ball pythons
  6 bats
  5 frilled lizards
  A quokka skeleton (D:6)
  2 quokka zombies
  8 rats
900 creatures vanquished.

Vanquished Creatures (others)
  18 fungi
  65 plants
83 creatures vanquished.

Grand Total: 983 creatures vanquished

Notes
Turn   | Place    | Note
-------+----------+-------------------------------------------
     0 | D:1      | CptBoBy the Minotaur Berserker began the quest for the Orb.
     0 | D:1      | Reached XP level 1. HP: 19/19 MP: 0/0
   132 | D:1      | Reached XP level 2. HP: 13/27 MP: 1/1
   880 | D:2      | Reached XP level 3. HP: 33/33 MP: 2/2
   919 | D:2      | Reached ** piety under Trog
  1340 | D:2      | Reached XP level 4. HP: 24/40 MP: 3/3
  2223 | D:3      | Found a transporter.
  2223 | D:3      | Noticed Devinter's ghost (weakling DrMo)
  2236 | D:3      | Found a transporter.
  2710 | D:4      | Noticed a phantom
  2793 | D:4      | Reached XP level 5. HP: 47/47 MP: 4/4
  2800 | D:4      | Reached *** piety under Trog
  2825 | D:4      | Found a staircase to the Ecumenical Temple.
  2848 | Temple   | Entered the Ecumenical Temple
  3085 | D:4      | Reached skill level 5 in Long Blades
  3099 | D:4      | Reached skill level 5 in Fighting
  3324 | D:4      | Killed a phantom
  3324 | D:4      | Reached XP level 6. HP: 56/56 MP: 5/5
  4016 | D:5      | Entered Level 5 of the Dungeon
  4078 | D:5      | Reached skill level 1 in Short Blades
  4078 | D:5      | Reached XP level 7. HP: 28/59 MP: 6/6
  4369 | D:5      | Reached skill level 5 in Armour
  4394 | D:5      | Noticed Eustachio
  4404 | D:5      | Killed Eustachio
  4848 | D:5      | Noticed Prince Ribbit
  4857 | D:5      | Killed Prince Ribbit
  4857 | D:5      | Reached skill level 5 in Dodging
  4857 | D:5      | Reached XP level 8. HP: 67/68 MP: 7/7
  4909 | D:5      | Noticed Blork the orc
  4916 | D:5      | Killed Blork the orc
  5168 | D:5      | Identified the Papyrus of Arcane Weapons
  5188 | D:5      | Reached **** piety under Trog
  5374 | D:6      | You fall into a shaft and drop 3 floors!
  5526 | D:9      | Found Hegauf's Gadget Boutique.
  5632 | D:9      | Found Zown's Magic Scroll Boutique.
  5668 | D:8      | Noticed Joseph
  5682 | D:8      | Killed Joseph
  5682 | D:8      | Reached XP level 9. HP: 63/77 MP: 8/8
  5881 | D:8      | Found a shimmering blue altar of Sif Muna.
  5881 | D:8      | Found a glowing golden altar of the Shining One.
  5952 | D:8      | Reached skill level 5 in Short Blades
  6432 | D:6      | Found a hide-covered altar of Uskayaw.
  6715 | D:7      | Reached ***** piety under Trog
  7128 | D:6      | Found a shimmering altar of Xom.
  7442 | D:9      | Noticed a troll
  7450 | D:9      | Killed a troll
  7450 | D:9      | Reached skill level 1 in Shields
  7450 | D:9      | Reached XP level 10. HP: 88/88 MP: 9/9
  7459 | D:9      | Found Taba Vei's Magic Scroll Shoppe.
  7505 | D:9      | Found a basalt altar of Yredelemnul.
  7505 | D:9      | Noticed a two-headed ogre
  7508 | D:9      | Noticed Maurice
  7515 | D:9      | Killed a two-headed ogre
  7763 | D:9      | Found Luopsup's Food Emporium.
  7823 | D:8      | Paralysed by a hornet for 2 turns
  8150 | D:9      | Found a radiant altar of Vehumet.
  8404 | D:9      | Killed Maurice
  8458 | D:9      | Found Wetitt's Magic Scroll Shoppe.
  8508 | D:9      | Reached skill level 10 in Long Blades
  8846 | D:10     | Entered Level 10 of the Dungeon
  8872 | D:10     | Noticed a gargoyle
  8889 | D:10     | Killed a gargoyle
  8889 | D:10     | Reached skill level 5 in Shields
  9194 | D:10     | Received a gift from Trog
  9292 | D:10     | Noticed a gargoyle
  9301 | D:10     | Killed a gargoyle
  9301 | D:10     | Reached XP level 11. HP: 81/97 MP: 3/10
  9306 | D:10     | Found a stormy altar of Qazlal.
  9367 | D:10     | HP: 3/97 [something (10)]
  9963 | D:11     | Found a viscous altar of Jiyva.
 10035 | D:11     | Found a staircase to the Lair.
 10402 | D:11     | Found a staircase to the Orcish Mines.
 10851 | Lair:1   | Entered Level 1 of the Lair of Beasts
 11251 | Lair:1   | Reached skill level 10 in Fighting
 11572 | Lair:1   | Reached skill level 10 in Armour
 12271 | Lair:2   | Reached XP level 12. HP: 104/106 MP: 11/11
 12303 | Lair:2   | Found a staircase to the Snake Pit.
 13602 | Lair:3   | Noticed Fannar
 13640 | Lair:3   | Killed Fannar
 13696 | Lair:3   | Found a staircase to the Shoals.
 13723 | Lair:3   | Noticed Sonja
 13855 | Lair:3   | Received a gift from Trog
 14002 | Lair:3   | Killed Sonja
 14927 | Lair:4   | Reached skill level 10 in Dodging
 15008 | Lair:4   | Noticed Urug
 15017 | Lair:4   | Killed Urug
 15017 | Lair:4   | Reached skill level 10 in Shields
 15337 | Lair:4   | Noticed an eight-headed hydra
 15347 | Lair:4   | Killed an eight-headed hydra
 15347 | Lair:4   | Reached XP level 13. HP: 116/116 MP: 3/12
 16989 | Lair:6   | Entered Level 6 of the Lair of Beasts
 16989 | Lair:6   | Found a runed translucent door.
 16989 | Lair:6   | Found a viscous altar of Jiyva.
 17546 | Lair:6   | Reached ****** piety under Trog
 18427 | Lair:6   | Reached XP level 14. HP: 127/127 MP: 5/13
 18572 | Lair:6   | Received a gift from Trog
 19129 | Lair:6   | Noticed an acid blob
 19436 | Lair:6   | Got a slimy scale mail
 19452 | Lair:6   | Identified the +0 scale mail of the Lobster {rN+} (You
                  | found it on level 6 of the Lair of Beasts)
 19789 | Lair:6   | Found a staircase to the Slime Pits.
 19811 | Lair:6   | Killed an acid blob
 19937 | Orc:1    | Entered Level 1 of the Orcish Mines
 19938 | Orc:1    | Noticed Jorgrun
 20115 | Orc:1    | Killed Jorgrun
 20362 | Orc:2    | Entered Level 2 of the Orcish Mines
 20362 | Orc:2    | Found a staircase to the Elven Halls.
 20746 | Orc:1    | Noticed Josephine
 20766 | Orc:1    | Killed Josephine
 20803 | Orc:1    | Noticed Snorg
 20829 | Orc:1    | Killed Snorg
 21325 | Orc:1    | Received a gift from Trog
 21344 | Orc:1    | Got a warped triple sword {god gift}
 21607 | Orc:1    | Identified the +5 triple sword "Byxaoq" {slice, rF++ MR+}
                  | (Trog gifted it to you on level 1 of the Orcish Mines)
 22530 | Orc:2    | Found Irhuo's Jewellery Boutique.
 22530 | Orc:2    | Found Kuilug's Armour Shoppe.
 22532 | Orc:2    | Found Ronuzock's Antique Armour Emporium.
 22534 | Orc:2    | Found Nollastre's Antique Armour Shop.
 22725 | Orc:2    | Bought the ring "Ciunyocite" {Slay+5 SInv} for 602 gold
                  | pieces
 22731 | Orc:2    | Bought a smoking plate armour for 784 gold pieces
 22741 | Orc:2    | Identified the +1 plate armour of Baldness {rElec rF- Dex+5
                  | SInv} (You bought it in a shop on level 2 of the Orcish
                  | Mines)
 23165 | D:12     | Found a glowing golden altar of the Shining One.
 23680 | D:13     | Noticed a ghost moth
 23680 | D:13     | a tyrant leech changed into a ghost moth
 23683 | D:13     | a ghost moth changed into an ettin
 23689 | D:13     | Received a gift from Trog
 23789 | D:13     | Reached XP level 15. HP: 91/137 MP: 4/14
 23936 | D:13     | Found a gate to the Vaults.
 23966 | D:13     | Noticed Frances
 23981 | D:13     | Killed Frances
 24010 | D:13     | Found a burning altar of Makhleb.
 25244 | D:14     | Found a glowing silver altar of Zin.
 25512 | D:14     | Found a glowing golden altar of the Shining One.
 26030 | D:15     | Entered Level 15 of the Dungeon
 26241 | D:15     | Received a gift from Trog
 26956 | D:15     | Paralysed by a floating eye for 3 turns
 27072 | D:15     | Found a large runed translucent door.
 27072 | D:15     | Found a large runed translucent door.
 27193 | D:15     | Found a staircase to the Depths.
 27324 | D:15     | Noticed SafestHooves's ghost (journeyman CeMo)
 27380 | D:15     | Killed SafestHooves's ghost
 27545 | Snake:1  | Entered Level 1 of the Snake Pit
 27585 | Snake:1  | Reached skill level 15 in Long Blades
 27897 | Snake:1  | You fall into a shaft and drop 1 floor!
 27903 | Snake:2  | Reached XP level 16. HP: 147/147 MP: 5/15
 27909 | Snake:2  | Received a gift from Trog
 28760 | Snake:2  | Reached skill level 15 in Fighting
 29213 | Snake:1  | Reached skill level 15 in Armour
 29333 | Snake:1  | Noticed Kirke
 29690 | Snake:1  | Killed Kirke
 30272 | Snake:3  | Found Dorgh's Book Shoppe.
 30273 | Snake:3  | Found Zaenilam's Antique Armour Shoppe.
 30273 | Snake:3  | Found Uxziufis's Jewellery Emporium.
 30276 | Snake:3  | Found Zacsog's Food Emporium.
 31134 | Snake:4  | Entered Level 4 of the Snake Pit
 31261 | Snake:4  | Received a gift from Trog
 31283 | Snake:4  | Reached skill level 15 in Shields
 31571 | Snake:4  | HP: 1/225 [shock serpent/electric aura (16)]
 31572 | Snake:4  | Killed from afar by a shock serpent

Levels and vault maps discovered:
D:1:      giann_horns, layout_basic
D:2:      minmay_inner_zag, layout_loops_ring
D:3:      layout_loops_ring, gammafunk_ghost_stat_death, first_ration,
          guppyfry_early_orc_mine
D:4:      layout_basic, minmay_temple_entry_sparse_star, minivault_1
D:5:      layout_basic, cheibrodos_gnoll_hut, uniq_blork_the_orc,
          uniq_prince_ribbit1, uniq_eustachio
D:6:      layout_cave_pools, nicolae_overflow_hidden_temple,
          overflow_temple_1_default
D:7:      layout_cave_pools
D:8:      layout_cave_pods, grunt_temple_overflow_open,
          minmay_fractal_squares_gapless_5, uniq_joseph
D:9:      layout_loops_ring, old_standard_altar, overflow_temple_1_default,
          serial_shops, shop_statue, shop, shop_scrolls, nicolae_shop_stone,
          kennysheep_mini, uniq_maurice
D:10:     layout_roguey, basic_altar, hangedman_fish_farm
D:11:     layout_cave_pools, david_lair_generic, orc_david_3, jiyva_altar_1
D:12:     layout_irregular_city, basic_altar
D:13:     layout_loops_ring, david_vaults_2, basic_altar, uniq_frances
D:14:     layout_gridville, tso_altar, basic_altar, nicolae_lava_and_water
D:15:     grunt_enter_depths_hoard, layout_cave_pools,
          ebering_ghost_disaster_area, minmay_misc_feat_plants,
          onia_ninara_cookie
Temple:   eino_temple_rhombus
Lair:1:   layout_misc_corridors, gauntlet_entry_generic, grunt_megastairs_2
Lair:2:   layout_gridlike, minmay_snake_entry_six_corridors, lemuel_fruit_tree,
          serial_bayou_shore_b
Lair:3:   layout_chaotic_city, elwin_shoals_entry_rocks, uniq_sonja, uniq_fannar
Lair:4:   layout_regular_city, uniq_urug
Lair:5:   wad_woods_minihive, layout_regular_city, serial_rivers,
          chequers_serial_rivers_room_a, chequers_serial_rivers_micro_c,
          chequers_serial_rivers_small_b, chequers_serial_rivers_room_b,
          chequers_serial_rivers_marsh, chequers_serial_rivers_marsh
Lair:6:   minmay_lair_end_frog_pond, layout_gridlike, slime_altar_2,
          minivault_27, cheibrodos_lair_lostbears
Snake:1:  layout_onion_interference, grunt_megastairs_5, uniq_kirke
Snake:2:  layout_onion_interference
Snake:3:  layout_grid_maze, minmay_shoptagon
Snake:4:  grunt_snake_rune_serpentine_throne, layout_chambers,
          grunt_ministairs_2
Orc:1:    layout_diamond_mine, nicolae_orc_lava_room, uniq_jorgrun,
          uniq_josephine, uniq_snorg
Orc:2:    st_orc_rangers, layout_caves

Skill      XL: |  1  2  3  4  5  6  7  8  9 10 11 12 13 14 15 16 |
---------------+-------------------------------------------------+-----
Long Blades    | 4 5 6 7 8 9 10 11 12 13 15 | 15.8
Fighting       | 4 5 6 7 8 9 10 11 12 13 14 15 | 15.7
Armour         | 3 4 5 7 8 9 10 11 12 13 14 15 | 15.7
Dodging        | 3 4 5 6 7 8 9 10 11 12 13 14 | 14.4
Short Blades   | 1 2 4 6 7 8 9 |  9.8
Shields        | 1 5 8 10 11 13 14 15 | 15.0

Action                   |  1- 3 |  4- 6 |  7- 9 | 10-12 | 13-15 | 16-18 || total
-------------------------+-------+-------+-------+-------+-------+-------++-------
Melee: Falchion          |    85 |   152 |   183 |   166 |       |       ||   586
       Headbutt          |    11 |    26 |    62 |   212 |   493 |   110 ||   914
       Short sword       |       |       |    84 |   111 |       |       ||   195
       Dagger            |       |       |     9 |    70 |    48 |       ||   127
       Long sword        |       |       |       |   487 |   553 |       ||  1040
       Quick blade       |       |       |       |       |  1300 |   283 ||  1583
       Triple sword      |       |       |       |       |    54 |       ||    54
       Double sword      |       |       |       |       |       |   137 ||   137
Throw: Throwing net      |       |       |     1 |       |       |       ||     1
Invok: Berserk           |       |     4 |     7 |    17 |    24 |     6 ||    58
       Trog's Hand       |       |       |     1 |     3 |     6 |     1 ||    11
  Use: Scroll            |       |       |    12 |     1 |    15 |     6 ||    34
       Potion            |       |       |       |     2 |       |       ||     2
 Stab: Sleeping          |     2 |       |       |       |       |       ||     2
       Petrified         |       |       |       |       |     1 |       ||     1
  Eat: Chunk             |     1 |    12 |    14 |    27 |    52 |     3 ||   109
       Ration            |       |       |     1 |     5 |     4 |     4 ||    14
Armor: Animal skin       |    13 |     2 |       |       |       |       ||    15
       Ring mail         |       |    37 |    29 |       |       |       ||    66
       Leather armour    |       |       |    30 |    58 |       |       ||    88
       Scale mail        |       |       |       |    93 |   244 |    68 ||   405
Dodge: Dodged            |    56 |    82 |   176 |   422 |   822 |   140 ||  1698
Block: Shield            |       |       |       |   352 |   770 |   191 ||  1313
       Rpst.: Falchion   |     9 |    15 |    35 |    24 |       |       ||    83
       Long sword        |       |       |       |    62 |   107 |       ||   169
       Triple sword      |       |       |       |       |    16 |       ||    16
       Double sword      |       |       |       |       |       |    14 ||    14
